 Dungeon Crawl Stone Soup version 0.30-b1-2-g02819fbbbe (webtiles) character file.

Game seed: 768897009682999848

84 LLlMATKO the Trooper (level 4, -3/41 HPs)
             Began as a Minotaur Berserker on Oct 13, 2023.
             Was a Believer of Trog.
             Succumbed to a kobold brigand's curare-tipped dart
             ... in a sewer.
             The game lasted 00:01:58 (1413 turns).

LLlMATKO the Trooper (Minotaur Berserker)           Turns: 1413, Time: 00:01:59

Health: -3/41      AC:  8    Str: 23    XL:     4   Next: 23%
Magic:  3/3        EV: 10    Int:  4    God:    Trog [**....]
Gold:   39         SH:  0    Dex: 10    Spells: 3/3 levels left

rFire   . . .        b - +1 war axe
rCold   . . .        (no shield)
rNeg    . . .        d - +0 scale mail
rPois   .            (helmet restricted)
rElec   .            (no cloak)
rCorr   .            k - +0 pair of gloves
SInv    .            (no boots)
Will    .....        (no amulet) Stlth
                     (no ring)
HPRegen 0.26/turn    (no ring)
MPRegen 0.08/turn

%: no passive effects
@: lethally poisoned (-3 -> -37), slowed, very slow
A: horns 2, retaliatory headbutt
a: Renounce Religion, Berserk, Trog's Hand


You were in a sewer.
You worshipped Trog.
Trog was pleased with you.
You visited 1 branch of the dungeon, and saw 3 of its levels.
You also visited: Sewer.

You collected 39 gold pieces.

Inventory:

Hand Weapons
 a - a +0 hand axe
 b - a +1 war axe (weapon)
Missiles
 h - a throwing net (quivered)
Armour
 d - a +0 scale mail (worn)
 k - a +0 pair of gloves (worn)
Jewellery
 g - a +6 ring of dexterity
 l - a ring of resist corrosion
Scrolls
 i - 2 scrolls of teleportation
Potions
 c - a potion of cancellation {unknown}
 e - a potion of attraction {unknown}
 f - a potion of resistance {unknown}
 j - a potion of ambrosia {unknown}
 o - a potion of magic {unknown}
 p - a potion of curing {unknown}


   Skills:
 + Level 4.4 Fighting
 + Level 4.3 Axes
 + Level 3.4 Armour
 + Level 3.1 Dodging


You had 3 spell levels left.
You didn't know any spells.
Your spell library was empty.

Dungeon Overview and Level Annotations

Branches:
Dungeon (3/15)              Sewer (1/1)

Altars:

Annotations:
D:3 1 runed translucent door, Crazy Yiuf


Innate Abilities, Weirdness & Mutations

You have a pair of horns on your head.
You reflexively headbutt those who attack you in melee.


Message History

HP restored.
There is an empty arch of ancient stone here.
You see here a rat corpse.
There is a gate leading back out of this place here.
There is an empty arch of ancient stone here.
You see here a rat corpse.
You see here a river rat corpse.
You enter the shallow water.
Moving in this stuff is going to be slow.
A jackal comes into view.
The jackal barks!
You hear a shout!
A kobold comes into view.
It is wielding a +0 club and quivering poisoned darts.
A jackal comes into view.
The jackal pauses to sniff the water.
You hear a bark!
A kobold brigand comes into view.
It is wielding a +2 whip of venom and quivering curare-tipped darts.
The kobold brigand shouts!
The jackal barks!
The kobold brigand throws a curare-tipped dart.
The curare-tipped dart barely misses you.
A kobold brigand comes into view.
It is wielding a +0 club and quivering curare-tipped darts.
The kobold brigand shouts!
The kobold throws a poisoned dart.
The poisoned dart hits you!
You are poisoned.
The kobold brigand throws a curare-tipped dart.
The curare-tipped dart hits you.
You are more poisoned.
You have difficulty breathing.
You feel yourself slow down.
You feel extremely sick.
The kobold brigand throws a curare-tipped dart.
The curare-tipped dart hits you.
You are more poisoned.
You have difficulty breathing.
You feel as though you will be slow longer.
The kobold throws a poisoned dart.
The poisoned dart closely misses you.
The kobold brigand throws a curare-tipped dart.
The curare-tipped dart hits you.
You are more poisoned.
You have difficulty breathing.
You feel as though you will be slow longer.
You die...

#~# #~# #~# #~#
#~# #~# #~# #~#
#@# #~# #~#
~~..~.~~~#
.~~~~~.~~~.
~≈≈≈~~~~~~~≈~
~≈≈≈≈≈≈≈≈≈≈≈≈≈≈
~≈≈≈hKKh~~~~~~~
.~~~~~.........


You could see a kobold brigand, 2 jackals and a kobold.

Vanquished Creatures
  2 adders (D:2)
  2 river rats (Sewer)
  A worm (D:2)
  2 dart slugs
  2 bats
  5 endoplasms (D:2)
  4 giant cockroaches
  3 goblins
  2 jackals (D:1)
  4 kobolds
  A quokka (D:3)
  6 ball pythons
  A frilled lizard (D:2)
  5 rats
40 creatures vanquished.

Vanquished Creatures (others)
  2 withered plants (D:2)
2 creatures vanquished.

Grand Total: 42 creatures vanquished

Notes
Turn   | Place    | Note
-------+----------+-------------------------------------------
     0 | D:1      | LLlMATKO the Minotaur Berserker began the quest for the
                  | Orb.
     0 | D:1      | Reached XP level 1. HP: 19/19 MP: 0/0
   125 | D:1      | Reached XP level 2. HP: 14/27 MP: 1/1
   761 | D:2      | Reached XP level 3. HP: 33/33 MP: 2/2
   862 | D:2      | Reached ** piety under Trog
   917 | D:2      | Found a faded altar of an unknown god.
  1189 | D:3      | Found a runed translucent door.
  1190 | D:3      | Noticed Crazy Yiuf
  1310 | D:3      | Found a glowing drain.
  1318 | Sewer    | Entered a sewer
  1323 | Sewer    | Reached XP level 4. HP: 39/41 MP: 3/3
  1409 | Sewer    | Noticed a kobold brigand
  1411 | Sewer    | Noticed a kobold brigand
  1413 | Sewer    | Succumbed to a kobold brigand's curare-tipped dart

Illustrated notes

Levels and vault maps discovered:
D:1:      saegor_arrival_miasma, layout_basic
D:2:      layout_basic, ebering_ecumenical_altar_petrified, nrook_loot_triangle
D:3:      layout_basic, nemelex_diamond_rough_becter, ebering_ghost_sewer_d,
          portal_sewer_entry_b, uniq_crazy_yiuf_cottage, uniq_grinder
Sewer:    sewer_kobolds

Skill      XL: |  1  2  3 |
---------------+----------+-----
Fighting       | 4 |  4.4
Axes           | 4 |  4.3
Armour         | 3 |  3.4
Dodging        | 3 |  3.1

Action                     |  1- 3 |  4- 6 || total
---------------------------+-------+-------++-------
  Melee: Hand axe          |    23 |       ||    23
         Headbutt          |    11 |     1 ||    12
         War axe           |    53 |     6 ||    59
    Use: Scroll            |     5 |       ||     5
 Armour: Animal skin       |     6 |       ||     6
         Scale mail        |    22 |     2 ||    24
  Dodge: Dodged            |    39 |     6 ||    45
